AoeStats
← Mirza

African Clearing

505808743Analyzed
4v4 RM · 22d ago on Sep 11, 2026· 82m 14s· 8 players
Game mode
Random Map
Map size
Large (8 player)
Population
200
Speed
Normal
Resources
Standard
Victory
Conquest
Starting age
Dark Age
Ending age
Imperial Age
RankedLock teamsTeams togetherTeam positionsShared explorationLock speedFull tech treeHidden civsTurbo modeCheats
Victory
Defeat
🇨🇳 Franks · China
914
+9
🇹🇼 Turks · Taiwan
871
+11
🇮🇳 Teutons · India
868
+11
🇨🇳 Franks · China
675
+17
🇲🇽 Poles · Mexico
826
-15
🇲🇽 Khmer · Mexico
764
-13
🇺🇸 Celts · United States
755
-23
🇨🇳 Khmer · China
631
-8
DarkOmega93
3:20 Loom
15:58 Feudal Age
20:24 Castle Age
19:37 Double-Bit Axe
20:29 Stone Mining
20:29 Gold Mining
22:47 Fletching
36:29 Wheelbarrow
35:41 Town Watch
45:42 Imperial Age
47:21 Hand Cart
50:54 Horse Collar
51:29 Bow Saw
52:17 Bodkin Arrow
52:33 Forging
52:29 Scale Barding Armor
52:30 Husbandry
52:41 Bloodlines
53:06 Conscription
54:08 Pikeman
54:33 Arson
55:27 Iron Casting
56:32 Double Crossbow
56:43 Elite Ballista Elephant
59:04 Cavalier
61:13 Chemistry
63:33 Tusk Swords
65:39 Chain Barding Armor
66:20 Blast Furnace
65:21 Bracer
66:34 Ballistics
67:53 Halberdier
68:36 Scale Mail Armor
69:12 Plate Barding Armor
69:24 Illumination
69:18 Fervor
69:30 Sanctity
69:37 Chain Mail Armor
69:28 Heavy Plow
74:08 Caravan
81:41 Elite Battle Elephant
raul_ruizv
11:56 Loom
14:10 Feudal Age
16:55 Double-Bit Axe
16:53 Horse Collar
21:21 Stone Mining
26:36 Castle Age
25:02 Gold Mining
28:49 Husbandry
29:00 Bloodlines
28:12 Light Cavalry
31:48 Heavy Plow
38:04 Imperial Age
37:14 Stone Shaft Mining
38:39 Cavalier
38:39 Winged Hussar
39:28 Szlachta Privileges
39:54 Scale Barding Armor
40:00 Forging
47:55 Lechitic Legacy
48:21 Crop Rotation
54:15 Iron Casting
53:51 Guard Tower
Mirza
4:31 Loom
34:46 Feudal Age
35:05 Man-at-Arms
35:36 Arson
36:59 Wheelbarrow
36:11 Town Watch
37:16 Forging
37:07 Scale Mail Armor
37:14 Scale Barding Armor
38:31 Fletching
38:44 Padded Archer Armor
41:39 Castle Age
1606272023
14:14 Feudal Age
18:21 Castle Age
19:41 Double-Bit Axe
21:51 Wheelbarrow
21:04 Horse Collar
27:49 Bow Saw
28:31 Stone Mining
28:35 Gold Mining
34:24 Stone Shaft Mining
34:16 Hand Cart
34:53 Pikeman
35:19 Arson
36:02 Town Watch
36:03 Loom
38:06 Gold Shaft Mining
38:54 Tusk Swords
48:55 Imperial Age
53:02 Conscription
52:43 Double Crossbow
52:05 Elite Ballista Elephant
53:37 Husbandry
52:58 Elite Battle Elephant
52:59 Cavalier
52:59 Light Cavalry
53:50 Bloodlines
54:46 Hussar
56:33 Town Patrol
56:45 Heavy Plow
57:58 Forging
57:39 Fletching
57:51 Padded Archer Armor
57:56 Scale Barding Armor
59:47 Iron Casting
59:08 Bodkin Arrow
59:29 Leather Archer Armor
59:45 Chain Barding Armor
61:36 Blast Furnace
60:37 Bracer
67:13 Caravan
69:24 Plate Barding Armor
69:19 Ring Archer Armor
68:15 Halberdier
71:16 Ballistics
71:58 Chemistry
71:05 Siege Engineers
70:55 Murder Holes
71:11 Masonry
vito90339
9:00 Loom
13:22 Feudal Age
14:58 Wheelbarrow
14:10 Town Watch
14:15 Double-Bit Axe
22:16 Castle Age
21:07 Gold Mining
21:10 Stone Mining
23:38 Bow Saw
25:12 Hand Cart
26:24 Horse Collar
27:29 Heavy Plow
33:13 Imperial Age
32:19 Gold Shaft Mining
31:39 Fletching
31:49 Padded Archer Armor
33:01 Bodkin Arrow
33:22 Leather Archer Armor
33:07 Murder Holes
33:33 Ballistics
35:38 Conscription
35:25 Bracer
35:56 Ring Archer Armor
38:15 Squires
39:21 Fortified Wall
42:11 Elite Janissary
63:36 Hoardings
63:04 Artillery
67:18 Bombard Tower
67:28 Masonry
66:59 Treadmill Crane
67:36 Masonry
73:03 Caravan
76561199018652089
sinister is maveric
5:38 Loom
17:10 Feudal Age
17:46 Town Watch
24:14 Castle Age
24:31 Gold Mining
25:08 Bloodlines
26:17 Scale Barding Armor
26:23 Forging
30:45 Double-Bit Axe
31:35 Chain Barding Armor
34:17 Iron Casting
38:39 Bow Saw
38:13 Horse Collar
45:13 Imperial Age
42:43 Stone Mining
45:34 Cavalier
50:30 Heavy Plow
50:27 Fletching
52:56 Paladin
57:57 Plate Barding Armor
58:57 Wheelbarrow
60:14 Blast Furnace
62:05 Fortified Wall
62:05 Masonry
73:57 Stone Shaft Mining
73:43 Hand Cart
73:28 Fletching
715113342
3:29 Loom
14:35 Feudal Age
19:19 Castle Age
24:02 Pikeman
25:09 Husbandry
34:52 Squires
37:29 Imperial Age
35:08 Double-Bit Axe
Connection lost

Rejoining the realm…

Still unreachable

The connection could not be restored.

Session expired

The server has moved on; the page needs a fresh start.